 Dungeon Crawl Stone Soup version 0.23.0 (webtiles) character file.

Game seed: 6584194389864111752

1834 night the Basher (level 8, -5/80 HPs)
             Began as a Troll Berserker on Feb 17, 2019.
             Was an Elder of Trog.
             Slain by a killer bee (7 damage)
             ... on level 7 of the Dungeon.
             The game lasted 00:11:00 (4981 turns).

night the Basher (Troll Berserker)                  Turns: 4981, Time: 00:11:01

Health: -5/80      AC:  6    Str: 27    XL:     8   Next: 87%
Magic:  7/7        EV: 10    Int:  4    God:    Trog [****..]
Gold:   240        SH:  0    Dex:  9    Spells: 7/7 levels left

rFire    . . .     SeeInvis .   o - +0 morningstar
rCold    . . .     Gourm    +   (no shield)
rNeg     . . .     Faith    .   b - +0 animal skin
rPois    .         Spirit   .   (helmet restricted)
rElec    .         Reflect  .   (no cloak)
rCorr    .         Harm     .   (gloves unavailable)
MR       ++...                  (boots unavailable)
Stlth    +.........             g - amulet of regeneration
HPRegen  2.03/turn              (no ring)
MPRegen  0.10/turn              (no ring)

@: lethally poisoned (-5 -> -12), berserk cooldown, regenerating, slowed, very
slow
A: large, unfitting armour, claws 3, fast metabolism 3, gourmand, regeneration
1, shaggy fur 1, tough skin 3
a: Berserk, Trog's Hand, Brothers in Arms, Renounce Religion


You were on level 7 of the Dungeon.
You worshipped Trog.
Trog was greatly pleased with you.
You were full.

You visited 2 branches of the dungeon, and saw 8 of its levels.

You collected 240 gold pieces.

Inventory:

Hand Weapons
 o - a +0 morningstar (weapon)
Missiles
 u - 8 tomahawks (quivered)
Armour
 b - a +0 animal skin (worn)
Jewellery
 d - an uncursed ring of fire
 g - an amulet of regeneration (around neck)
 E - an uncursed ring of ice
Wands
 r - a wand of enslavement (5)
 y - a wand of flame (19)
 F - a wand of polymorph (10)
Scrolls
 f - 3 scrolls of enchant armour {unknown}
 h - 5 scrolls of remove curse
 i - 2 scrolls of teleportation {unknown}
 j - a scroll of immolation {unknown}
 k - 6 scrolls of magic mapping {unknown}
 n - 5 scrolls of identify {unknown}
 q - a scroll of random uselessness {unknown}
 s - a scroll of enchant weapon {unknown}
 w - 2 scrolls of noise {unknown}
 A - a scroll of amnesia {unknown}
 C - a scroll of acquirement {unknown}
 D - a scroll of blinking {unknown}
 G - a scroll of torment {unknown}
Potions
 a - 2 potions of degeneration {unknown}
 e - a potion of might {unknown}
 l - 2 potions of resistance {unknown}
 m - 3 potions of lignification {unknown}
 p - a potion of curing {unknown}
 t - a potion of haste {unknown}
 v - 3 potions of flight {unknown}
 x - a potion of magic {unknown}
 z - a potion of invisibility {unknown}
 B - a potion of heal wounds {unknown}
Comestibles
 c - 21 rations


   Skills:
 + Level 5.3 Fighting
 * Level 8.0 Maces & Flails
 + Level 5.0 Throwing
 - Level 2.4 Dodging


You had 7 spell levels left.
You didn't know any spells.
Your spell library was empty.

Dungeon Overview and Level Annotations

Branches:
Dungeon (7/15)             Temple (1/1) D:6

Altars:
Ashenzari
Cheibriados
Dithmenos
Elyvilon
Fedhas
Gozag
Hepliaklqana
Kikubaaqudgha
Makhleb
Nemelex Xobeh
Okawaru
Qazlal
Ru
Sif Muna
Trog
Uskayaw
Vehumet
Wu Jian
Xom
Yredelemnul
Zin
The Shining One


Innate Abilities, Weirdness & Mutations

You are too large for most types of armour.
You have claws for hands.
Your metabolism is lightning-fast.
You like to eat raw meat.
Your natural rate of healing is unusually fast.
You are covered in fur. (AC +1)
You have extremely tough skin. (AC +3)


Message History

You closely miss the killer bee.
You are no longer berserk.
You are exhausted.
You feel yourself slow down.
You feel very sick. The killer bee stings you.
* * * LOW HITPOINT WARNING * * *
The killer bee stings you but does no damage.
The killer bee closely misses you. x2
As you read the scroll labeled DUXOEVUCKA, it crumbles to dust.
You feel blessed for a moment.
It was a scroll of remove curse.
You feel very sick. The killer bee stings you.
* * * LOW HITPOINT WARNING * * *
You are more poisoned.
The killer bee poisons you! The killer bee stings you.
* * * LOW HITPOINT WARNING * * *
You are more poisoned.
The killer bee poisons you! The killer bee stings you!
You die...

#......#............
#......#............
##......#.......##+##
#.......#.%.....##
#.......#........#
#.......+....O...#
#.......#...yyy..#
#+#.......#####y####
##.###.......#.y@##
.....#.......#....# ..
.....#.......#....#...
.....'.......#....'...
.....#.......#....#....
####+#.......#.####.##..
........##'###.####.## .
........#.....)......#
........#((((.)......#


You could see an ogre and 5 killer bees.

Vanquished Creatures
  Eustachio (D:6)
  A wyvern (D:2)
  An orc warrior (D:6)
  An ice beast (D:5)
  A centaur (D:5)
  A big kobold (D:7)
  Blork the orc (D:6)
  2 scorpions
  A killer bee (D:7)
  A bullfrog zombie (D:5)
  A crimson imp (D:6)
  2 centaur skeletons
  A gnoll shaman (D:5)
  4 hounds
  2 bullfrog skeletons
  3 orc priests
  A jelly (D:4)
  An orc wizard (D:4)
  Jessica (D:2)
  2 iguanas (D:4)
  Ijyb (D:3)
  6 worker ants
  A hound skeleton (D:4)
  8 adders
  11 gnolls
  An ooze (D:1)
  An adder zombie (D:7)
  3 worms
  A dart slug (D:3)
  6 leopard geckos
  10 orcs
  4 giant cockroaches
  7 hobgoblins
  A jackal (D:2)
  2 quokkas
  A ball python (D:1)
  2 bats
  3 frilled lizards
  7 goblins
  13 kobolds
  13 rats
131 creatures vanquished.

Notes
Turn   | Place    | Note
-------+----------+-------------------------------------------
     0 | D:1      | night the Troll Berserker began the quest for the Orb.
     0 | D:1      | Reached XP level 1. HP: 22/22 MP: 0/0
   243 | D:1      | Reached skill level 3 in Maces & Flails
   243 | D:1      | Reached XP level 2. HP: 24/29 MP: 1/1
   541 | D:2      | Reached skill level 1 in Throwing
   541 | D:2      | Reached XP level 3. HP: 32/36 MP: 2/2
   735 | D:2      | Noticed a scorpion
   736 | D:2      | Noticed a wyvern
   745 | D:2      | Killed a scorpion
   745 | D:2      | Reached XP level 4. HP: 44/44 MP: 3/3
   756 | D:2      | Killed a wyvern
   756 | D:2      | Reached ** piety under Trog
   756 | D:2      | Reached skill level 4 in Maces & Flails
   756 | D:2      | Reached XP level 5. HP: 21/53 MP: 4/4
  1080 | D:2      | Noticed Jessica
  1093 | D:2      | Killed Jessica
  1141 | D:2      | Noticed a moth of wrath
  1143 | D:2      | Found a bloodstained altar of Trog.
  1159 | D:2      | Reached XP level 6. HP: 59/61 MP: 5/5
  1525 | D:3      | Noticed Ijyb
  1536 | D:3      | Killed Ijyb
  1536 | D:3      | Reached skill level 5 in Maces & Flails
  1564 | D:3      | Found a glowing silver altar of Zin.
  2038 | D:4      | Reached XP level 7. HP: 43/68 MP: 6/6
  2100 | D:4      | Reached *** piety under Trog
  2474 | D:4      | Found a shadowy altar of Dithmenos.
  2475 | D:4      | Found a white marble altar of Elyvilon.
  2486 | D:4      | Reached skill level 6 in Maces & Flails
  2488 | D:4      | Found an ornate altar of the Wu Jian Council.
  2489 | D:4      | Found a burning altar of Makhleb.
  2489 | D:4      | Found a stormy altar of Qazlal.
  2490 | D:4      | Found a shimmering altar of Xom.
  3040 | D:5      | Entered Level 5 of the Dungeon
  3282 | D:5      | Reached XP level 8. HP: 76/79 MP: 7/7
  3316 | D:5      | Found an iron altar of Okawaru.
  3771 | D:6      | Found a staircase to the Ecumenical Temple.
  3777 | Temple   | Entered the Ecumenical Temple
  3896 | D:6      | Found a radiant altar of Vehumet.
  3901 | D:6      | Noticed Eustachio
  3931 | D:6      | Reached skill level 7 in Maces & Flails
  3984 | D:6      | Killed Eustachio
  3984 | D:6      | Reached skill level 5 in Fighting
  4119 | D:6      | Noticed Blork the orc
  4128 | D:6      | Killed Blork the orc
  4242 | D:6      | Reached **** piety under Trog
  4883 | D:7      | Reached skill level 5 in Throwing
  4978 | D:7      | Reached skill level 8 in Maces & Flails
  4981 | D:7      | HP: 2/80 [killer bee (6)]
  4981 | D:7      | Slain by a killer bee

Skill      XL: |  1  2  3  4  5  6  7  8 |
---------------+-------------------------+-----
Maces & Flails | 3 4 5 6 8 |  8.0
Throwing       | 1 2 3 4 5 |  5.0
Fighting       | 3 4 5 |  5.3
Dodging        | |  2.4

Action                   |  1- 3 |  4- 6 |  7- 9 || total
-------------------------+-------+-------+-------++-------
Melee: Mace              |    41 |       |       ||    41
       Morningstar       |    18 |   143 |   276 ||   437
Invok: Berserk           |     1 |     1 |     7 ||     9
       Trog's Hand       |       |     1 |     1 ||     2
  Use: Scroll            |       |       |     1 ||     1
 Stab: Sleeping          |     1 |       |       ||     1
  Eat: Chunk             |    12 |    15 |    31 ||    58
Armor: Animal skin       |    20 |    54 |   107 ||   181
Dodge: Dodged            |    41 |    87 |   171 ||   299
